 Dungeon Sprint DCSS version 0.29.1-2-gbd0b4ee654 (webtiles) character file.

Game seed: 12919200252982585834

265060 Groucho the Imperceptible (level 11, 60/60 HPs)
             Began as a Felid Berserker on Nov 28, 2022.
             Was a High Priest of Trog.
             Escaped with the Orb!
             The game lasted 00:14:16 (5408 turns).

Groucho the Imperceptible (Felid Berserker)         Turns: 5408, Time: 00:14:16

Health: 60/60      AC:  3    Str: 10    XL:     11   Next: 44%
Magic:  22/22      EV: 28    Int: 19    God:    Trog [*****.]
Gold:   2522       SH:  0    Dex: 14    Spells: 23/23 levels left
                                        Lives:  1   Deaths: 1

rFire   + . .      SeeInvis +     - Unarmed
rCold   + . .      Faith    .   (shield unavailable)
rNeg    . . .      Spirit   +   (body armour unavailable)
rPois   +          Reflect  .   (helmet unavailable)
rElec   .          Harm     .   (cloak unavailable)
rCorr   +          Rampage  .   (gloves unavailable)
Will    +....      NoTele   +   (boots unavailable)
Stlth   +++.......              k - amulet of the Echidna {Spirit rPois rCorr Int+4 Dex-4 Slay+3}
HPRegen 0.20/turn               l - +6 ring of intelligence
MPRegen 0.18/turn               q - ring "Jaegesm" {Fly rPois rF+ Str-5}

@: flying, quick
A: very small, claws 1, fangs 3, see invisible, speed 1, shaggy fur 3, stealthy
paws, no weapons or thrown items, no armour, multi-lived
0: Orb of Zot
a: Renounce Religion, Berserk, Trog's Hand, Brothers in Arms


You escaped.
You worshipped Trog.
Trog was extremely pleased with you.
You visited 1 branch You collected 3686 gold pieces.
You spent 1164 gold pieces at shops.

Inventory:

Jewellery
 k - the amulet of the Echidna (around neck) {Spirit rPois rCorr Int+4 Dex-4 Slay+3}
   (You bought it in a shop in the Dungeon)

   [amulet of guardian spirit]

   It causes incoming damage to be divided between your reserves of health and
   magic.
   Int:       It affects your intelligence (+4).
   Dex:       It affects your dexterity (-4).
   Slay:      It affects your accuracy & damage with ranged weapons and melee
   (+3).
   rPois:     It protects you from poison.
   rCorr:     It protects you from acid and corrosion.
 l - a +6 ring of intelligence (left paw)
 q - the ring "Jaegesm" (right paw) {Fly rPois rF+ Str-5}
   (You bought it in a shop in the Dungeon)

   [ring of protection from fire]

   Str:       It affects your strength (-5).
   rF:        It protects you from fire.
   rPois:     It protects you from poison.
   Fly:       It grants you flight.
Wands
 f - a wand of light (3)
 g - a wand of polymorph (6)
 n - a wand of digging (5)
 r - a wand of mindburst (11)
Scrolls
 h - a scroll of fear {unknown}
 i - a scroll of enchant weapon {unknown}
 j - a scroll of vulnerability {unknown}
 o - a scroll of poison {unknown}
 t - a scroll of amnesia {unknown}
Potions
 a - 6 potions of curing
 b - a potion of flight {unknown}
 d - 2 potions of magic
 e - a potion of berserk rage
 m - a potion of lignification {unknown}
 p - a potion of mutation {unknown}
 s - 2 potions of attraction {unknown}


   Skills:
 + Level 14.6 Fighting
 + Level 18.6 Dodging
 + Level 26.5 Stealth
 + Level 14.6 Unarmed Combat
 + Level 6.6 Spellcasting


You had 23 spell levels left.
You didn't know any spells.
Your spell library was empty.

Dungeon Overview and Level Annotations

Branches:
Dungeon (1/1)

Altars:
Cheibriados
Dithmenos
Elyvilon
Fedhas
Gozag
Hepliaklqana
Kikubaaqudgha
Makhleb
Nemelex Xobeh
Okawaru
Qazlal
Ru
Sif Muna
Trog
Uskayaw
Vehumet
Wu Jian
Xom
Yredelemnul
Zin
The Shining One
Jiyva
Lugonu

Shops:
D :[*[[=[!(?:([=([![

Annotations:
D Tiamat


Innate Abilities, Weirdness & Mutations

You have sharp claws.
You have razor-sharp teeth.
You have supernaturally acute eyesight. (SInv)
You cover ground quickly. (Speed+)
Your thick and shaggy fur keeps you warm. (AC +3, rC+)
Your paws help you pounce on unaware monsters.
You are incapable of wielding weapons or throwing items.
You cannot wear armour.
You gain extra lives every three experience levels.


Message History

The damaged grate falls apart.
Unknown command.
Unknown command.
Unknown command.
Okay, then.
You feel yourself speed up.
Tiamat, Avatar of the Dragonlord comes into view.
She is wielding a +0 demon trident of flaming and wearing the +4 dragonskin cloak.
You see here the Orb of Zot.
You pick up the Orb of Zot!
The Orb lets out a hideous shriek!
The lords of Pandemonium are not amused.
Beware!
Now all you have to do is get back out of the dungeon!
You hear a roar!
You see here 27 gold pieces.
You now have 2522 gold pieces (gained 27).
You see here a +0 great sword of flaming.
There is an open door, spattered with blood here.
Things that are here:
a +2 great sword of flaming; a fire giant skeleton You see here a +0 great sword of flaming.
There is an open door here.
There is an open door here.
There is an open door here.
There is an open door here.
There is an open door, spattered with blood here.
You see here a +0 mace.
There is an open door, spattered with blood here.
There is an open door here.
Your extra speed is starting to run out.
There is an open door here.
There is an open door here.
Things that are here:
a +0 scythe; a +0 robe
There is an open door here.
You feel yourself slow down.
There is an open door here.
There is an open door, spattered with blood here.
Things that are here:
a +0 dagger; a +0 scale mail
There is a staircase leading out of the dungeon here.
You have escaped!

##################
#@.#..'..#.)'..#__
#..).)#..'..#..'..
#..#####'#####'#__
#..####..#...#)###
#..#__####..##.#§~
#..#_____##'#_.'~§
#⌠⌠#_.∩...'..._#~§
####_..__##_.#'##+
#_____###'#.#..


There were no monsters in sight!

Vanquished Creatures
  A daeva (D)
  4 fire giants (D)
  A lorocyproca (D)
  A hydra (D)
  2 centaur warriors (D)
  Sonja (D)
  A lindwurm (D)
  A deep troll (D)
  An oklob plant (D)
  7 unseen horrors (D)
  A demonic crawler (D)
  2 kobold demonologists (D)
  A meliai (D)
  A hornet (D)
  A slime creature (D)
  Sigmund (D)
  A yak (D)
  13 hogs (D)
  2 redbacks (D)
  3 floating eyes (D)
  An ogre (D)
  7 necrophages (D)
  8 jellies (D)
  Ijyb (D)
  A ballistomycete spore (D)
64 creatures vanquished.

Vanquished Creatures (collateral kills)
  A golden dragon (D)
  A shadow dragon (D)
  A gargoyle (D)
  3 demonic crawlers (D)
6 creatures vanquished.

Vanquished Creatures (others)
  A ballistomycete spore (D)
1 creature vanquished.

Grand Total: 71 creatures vanquished

Notes
Turn   | Place    | Note
-------+----------+-------------------------------------------
     0 | D        | Groucho the Felid Berserker began the quest for the Orb.
     0 | D        | Reached XP level 1. HP: 10/10 MP: 2/2
     2 | D        | Noticed Ijyb
     6 | D        | Killed Ijyb
     7 | D        | Reached skill level 7 in Stealth
     7 | D        | Reached XP level 2. HP: 14/14 MP: 3/3
   159 | D        | Noticed an ogre
   165 | D        | Killed an ogre
   166 | D        | Reached skill level 12 in Stealth
   166 | D        | Reached XP level 3. HP: 17/17 MP: 4/4
   166 | D        | Reached XP level 4. HP: 21/21 MP: 5/5
   312 | D        | Noticed Sigmund
   317 | D        | Killed Sigmund
   317 | D        | Reached ** piety under Trog
   318 | D        | Reached skill level 17 in Stealth
   318 | D        | Reached XP level 5. HP: 24/24 MP: 6/6
   318 | D        | Gained mutation: You are covered in thick fur. (AC +2)
                  | [Felid growth]
   318 | D        | Reached XP level 6. HP: 28/28 MP: 7/7
   586 | D        | Found a shimmering blue altar of Sif Muna.
   587 | D        | Found an ornate altar of the Wu Jian Council.
   588 | D        | Found a radiant altar of Vehumet.
   595 | D        | Found Novohequck's Antique Armour Emporium.
   595 | D        | Found an ancient bone altar of Kikubaaqudgha.
   595 | D        | Found a hazy altar of Hepliaklqana.
   595 | D        | Found a stormy altar of Qazlal.
   595 | D        | Found a hide-covered altar of Uskayaw.
   595 | D        | Found a blossoming altar of Fedhas.
   595 | D        | Found a bloodstained altar of Trog.
   595 | D        | Found an iron altar of Okawaru.
   595 | D        | Found a basalt altar of Yredelemnul.
   595 | D        | Found a glowing golden altar of the Shining One.
   595 | D        | Found a snail-covered altar of Cheibriados.
   595 | D        | Found a sacrificial altar of Ru.
   595 | D        | Found a glowing silver altar of Zin.
   595 | D        | Found a shadowy altar of Dithmenos.
   595 | D        | Found a white marble altar of Elyvilon.
   595 | D        | Noticed a yak
   596 | D        | Found an opulent altar of Gozag.
   597 | D        | Killed a yak
   598 | D        | Reached skill level 19 in Stealth
   633 | D        | Found a sparkling altar of Nemelex Xobeh.
   651 | D        | Found a burning altar of Makhleb.
   651 | D        | Found a shimmering altar of Xom.
   651 | D        | Noticed a slime creature
   652 | D        | Found a viscous altar of Jiyva.
   652 | D        | Found a corrupted altar of Lugonu.
   664 | D        | Killed a slime creature
   665 | D        | Reached skill level 5 in Dodging
   665 | D        | Reached XP level 7. HP: 4/32 MP: 8/8
   989 | D        | Noticed a centaur warrior
   989 | D        | Noticed a centaur warrior
   990 | D        | Killed a centaur warrior
   990 | D        | Reached *** piety under Trog
   991 | D        | Reached skill level 20 in Stealth
   991 | D        | Reached XP level 8. HP: 39/39 MP: 9/9
   991 | D        | Killed a centaur warrior
   992 | D        | Reached skill level 21 in Stealth
   998 | D        | Noticed a hornet
  1001 | D        | Killed a hornet
  1002 | D        | Reached skill level 10 in Dodging
  1002 | D        | Reached XP level 9. HP: 44/44 MP: 10/10
  1012 | D        | Noticed an oklob plant
  1014 | D        | Killed an oklob plant
  1021 | D        | Reached **** piety under Trog
  1022 | D        | Reached skill level 22 in Stealth
  1051 | D        | Noticed an unseen horror
  1051 | D        | Noticed an unseen horror
  1056 | D        | Killed an unseen horror
  1071 | D        | Killed an unseen horror
  1342 | D        | Reached ***** piety under Trog
  1879 | D        | Reached ****** piety under Trog
  1884 | D        | Reached skill level 10 in Fighting
  1884 | D        | Reached skill level 10 in Unarmed Combat
  1884 | D        | Reached XP level 10. HP: 51/51 MP: 11/11
  1900 | D        | Found Hyanlol's Antique Armour Shoppe.
  1900 | D        | Found Lobloucw's General Store.
  1900 | D        | Found Fanomon's Armour Boutique.
  1902 | D        | Found Qoisuci's Jewellery Emporium.
  1902 | D        | Found Hyom's Armour Shop.
  1902 | D        | Found Zumott's Distillery.
  1902 | D        | Found Fagy's Antique Weapon Boutique.
  1902 | D        | Found Namne's Magic Scroll Emporium.
  1902 | D        | Found Biotidal's Book Shop.
  1902 | D        | Found Arikeg's Antique Weapon Shoppe.
  1906 | D        | Found Ciyheyrgh's Armour Boutique.
  1907 | D        | Bought the amulet of the Echidna {Spirit rPois rCorr Int+4
                  | Dex-4 Slay+3} for 831 gold pieces
  1912 | D        | Found Uliplomn's Antique Weapon Emporium.
  1912 | D        | Found Piuck's Jewellery Boutique.
  1913 | D        | Found Titimop's Distillery.
  1966 | D        | Noticed a deep troll
  1968 | D        | Killed a deep troll
  1969 | D        | Reached skill level 23 in Stealth
  1980 | D        | Found Foduont's Armour Emporium.
  1995 | D        | Noticed Sonja
  1998 | D        | Killed Sonja
  2084 | D        | Found Ceesk's Book Boutique.
  2131 | D        | Noticed a rust devil
  2136 | D        | Noticed a rust devil
  2444 | D        | Noticed a gargoyle
  2449 | D        | Killed a gargoyle
  2450 | D        | Reached skill level 24 in Stealth
  2689 | D        | Noticed a lindwurm
  2699 | D        | Killed a lindwurm
  2700 | D        | Reached skill level 15 in Dodging
  2975 | D        | Noticed a lorocyproca
  2990 | D        | Killed a lorocyproca
  2991 | D        | Reached XP level 11. HP: 57/57 MP: 1/12
  3229 | D        | Reached skill level 25 in Stealth
  3401 | D        | Noticed a 12-headed hydra
  3403 | D        | Killed a 12-headed hydra
  3404 | D        | Reached skill level 1 in Spellcasting
  3687 | D        | Bought the ring "Jaegesm" {Fly rPois rF+ Str-5} for 333
                  | gold pieces
  3805 | D        | Noticed a shadow dragon
  3805 | D        | Noticed a golden dragon
  3821 | D        | Killed a shadow dragon
  3833 | D        | Killed a golden dragon
  3900 | D        | Found Cezoehec's Armour Shoppe.
  4152 | D        | Noticed a daeva
  4195 | D        | Killed a daeva
  4420 | D        | Reached skill level 5 in Spellcasting
  4436 | D        | Reached skill level 26 in Stealth
  4592 | D        | Gained mutation: Your thick and shaggy fur keeps you warm.
                  | (AC +3, rC+) [Felid growth]
  4592 | D        | Reached XP level 12. HP: 46/64 MP: 14/20
  4604 | D        | Noticed a fire giant
  4607 | D        | Noticed a fire giant
  4608 | D        | Noticed a fire giant
  4609 | D        | Noticed a fire giant
  4611 | D        | Killed a fire giant
  4619 | D        | Killed from afar by a fire giant
  4620 | D        | Reached XP level 11. HP: -28/60 MP: 0/20
  4687 | D        | Killed a fire giant
  4693 | D        | Killed a fire giant
  4972 | D        | Killed a fire giant
  5336 | D        | Found the +4 dragonskin cloak
  5336 | D        | Noticed Tiamat
  5338 | D        | Got the Orb of Zot
  5408 | D        | Escaped with the Orb!

Illustrated notes

Levels and vault maps discovered:
D:        dungeon_sprint_1 [red_sonja_temple_1, red_sonja_temple_small_1]

Skill      XL: |  1  2  3  4  5  6  7  8  9 10 11 12 |
---------------+-------------------------------------+-----
Stealth        | 7 12 17 19 20 21 22 24 26 | 26.5
Fighting       | 4 6 7 10 12 14 | 14.6
Dodging        | 5 8 10 12 15 17 18 | 18.6
Unarmed Combat | 4 6 7 10 12 14 | 14.6
Spellcasting   | 6 |  6.6

Action                   |  1- 3 |  4- 6 |  7- 9 | 10-12 || total
-------------------------+-------+-------+-------+-------++-------
Melee: Unarmed           |     6 |    11 |    45 |   135 ||   197
       Bite              |       |     3 |     4 |    21 ||    28
       Punch             |       |       |     1 |    12 ||    13
Invok: Berserk           |     2 |     2 |     4 |     8 ||    16
       Trog's Hand       |       |     1 |     1 |     9 ||    11
       Brothers in Arms  |       |       |       |     9 ||     9
Evoke: Wand              |       |       |       |     3 ||     3
  Use: Scroll            |       |       |     1 |       ||     1
       Potion            |       |       |       |     3 ||     3
 Stab: Sleeping          |       |     2 |    11 |     8 ||    21
Armor: Skin              |       |       |     1 |     4 ||     5
Dodge: Dodged            |     2 |     6 |    31 |   132 ||   171
